Construct Section Command Post
Selects Heavy Armor Battlegroup
Selects Rigorous Vehicle Training
Construct Platoon Command Post
Selects Forward Repair Assembly
Construct Company Command Post
Construct Field Infirmary
Construct Field Infirmary
6-pounder Anti-tank Gun Team
Unlock M3 Grant Medium Tanks
6-pounder Anti-tank Gun Team
Selects Churchill Black Prince Heavy Tank
Selects Light Vehicle Withdraw and Refit